 Dungeon Crawl Stone Soup version 0.22-a0-558-gc2241811a9 (webtiles) character file.

5114 Kholdaimon the Blocker (level 10, -3/89 (90) HPs)
             Began as a Minotaur Fighter on June 27, 2018.
             Was an Elder of Okawaru.
             Slain by a gnoll sergeant
             ... wielding a +0 halberd
              (6 damage)
             ... in a bailey.
             The game lasted 00:43:52 (7385 turns).

Kholdaimon the Blocker (Minotaur Fighter)           Turns: 7385, Time: 00:43:53

HP:   -3/89 (90)    AC: 13    Str: 22    XL:     10   Next: 32%
MP:   12/12         EV:  5    Int: 12    God:    Okawaru [****..]
Gold: 343           SH: 12    Dex:  9    Spells: 9/9 levels left

rFire    . . .     SeeInvis .   a - +0 war axe
rCold    . . .     Gourm    .   c - +1 shield
rNeg     . . .     Faith    .   L - +0 plate armour
rPois    .         Spirit   .   (helmet restricted)
rElec    .         Reflect  .   (no cloak)
rCorr    .         Harm     .   (no gloves)
MR       +....                  (no boots)
Stlth    ..........             q - amulet of regeneration
HPRegen  0.64/turn              s - +4 ring of intelligence
MPRegen  0.13/turn              n - ring of protection from magic

@: heavily drained
A: retaliatory headbutt, horns 2
a: Heroism, Renounce Religion


You were in a bailey.
You worshipped Okawaru.
Okawaru was greatly pleased with you.
You were hungry.

You visited 1 branch of the dungeon, and saw 9 of its levels.
You also visited: Bailey.

You collected 343 gold pieces.

Inventory:

Hand Weapons
 a - a +0 war axe (weapon)
 o - a +1 whip of venom
 y - a +0 hunting sling
 O - the +5 short sword "Murmur" {drain, Str+4 Stlth+}
   (You found it on level 8 of the Dungeon)

   A truly terrible weapon, it drains the life of those it strikes.
   It affects your strength (+4).
   It makes you more stealthy.
 P - a +3 battleaxe
 W - the +9 halberd "Xom's Malicious Joy" {chop, *Drain rElec rN+}
   (You found it on level 9 of the Dungeon)

   It inflicts extra damage upon your enemies.
   It insulates you from electricity.
   It protects you from negative energy.
   It causes draining when unequipped.
Missiles
 e - 280 stones
 j - 98 bolts
 x - 3 throwing nets
 B - 5 tomahawks (quivered)
 E - 56 sling bullets
 Q - 10 poisoned needles
Armour
 c - a +1 shield (worn)
 D - the +2 cloak of the Thief {+Fog Slay-2 SInv Stlth+}
   (You found it on level 5 of the Dungeon)

   It affects your accuracy and damage with ranged weapons and melee attacks
   (-2).
   It lets you see invisible.
   It makes you more stealthy.
 K - the +1 scale mail of Dishonour {+Blink rN++ Dex-5 Stlth+}
   (You took it off a wight on level 7 of the Dungeon)

   It affects your dexterity (-5).
   It greatly protects you from negative energy.
   It lets you blink.
   It makes you more stealthy.
 L - a +0 plate armour (worn)
Jewellery
 n - a ring of protection from magic (right hand)
 q - an amulet of regeneration (around neck)
 s - a +4 ring of intelligence (left hand)
 C - an uncursed ring of protection from fire
Wands
 b - a wand of paralysis (7)
 h - a wand of disintegration (9)
 p - a wand of polymorph (20)
 F - a wand of flame (42)
 J - a wand of acid (3)
Scrolls
 g - 2 scrolls of fog {unknown}
 i - 3 scrolls of enchant armour
 k - 4 scrolls of identify
 m - 2 scrolls of magic mapping
 u - 3 scrolls of teleportation {unknown}
 v - 2 scrolls of enchant weapon {unknown}
 H - 2 scrolls of silence {unknown}
 I - 2 scrolls of fear
 M - a scroll of immolation
 T - a scroll of blinking {unknown}
Potions
 d - 3 potions of might
 l - a potion of lignification
 r - 5 potions of curing
 z - a potion of berserk rage
 A - 2 potions of flight
 G - a potion of mutation
 N - 2 potions of brilliance
 R - a potion of heal wounds {unknown}
 U - a potion of haste {unknown}
Comestibles
 f - 24 rations
 S - 2 chunks of flesh


   Skills:
 + Level 8.6(6.9) Fighting
 * Level 9.9(8.1) Axes
 + Level 8.5(6.8) Armour
 * Level 10.3(8.5) Shields
 + Level 4.5(3.0) Invocations


You had 9 spell levels left.
You didn't know any spells.
Your spell library was empty.

Dungeon Overview and Level Annotations

Branches:
Dungeon (9/15)             Temple (0/1) D:7
   Lair: D:8-11         Orc: D:9-12

Altars:
Ashenzari
Dithmenos
Elyvilon
Fedhas
Makhleb
Okawaru
Qazlal
Sif Muna
Uskayaw
Yredelemnul
The Shining One


Innate Abilities, Weirdness & Mutations

You reflexively headbutt those who attack you in melee.
You have a pair of horns on your head.


Message History

* * * LOW HITPOINT WARNING * * *
You barely miss the gnoll sergeant.
The gnoll sergeant is moderately wounded.
The gnoll sergeant hits you with a halberd!
* * * LOW HITPOINT WARNING * * *
You hit the gnoll sergeant.
Your headbutt misses the gnoll sergeant.
The gnoll sergeant is moderately wounded.
You block the gnoll sergeant's attack.
You hit the gnoll sergeant but do no damage.
The gnoll sergeant is moderately wounded.
The gnoll sergeant hits you with a halberd.
* * * LOW HITPOINT WARNING * * *
You hit the gnoll sergeant but do no damage.
The gnoll sergeant is moderately wounded.
You block the gnoll sergeant's attack.
You slash the gnoll sergeant!
The gnoll sergeant is severely wounded.
The gnoll sergeant hits you with a halberd.
You die...

♣≈ #..(# ≈♣ ♣≈##
#...# ##≈♣ ♣≈.# #...#
#.≈♣
♣≈.######'''######.≈♣
♣≈.................≈♣
♣≈≈.......))......≈≈♣
♣♣≈≈≈≈≈≈≈÷..≈≈≈≈≈≈≈♣♣
♣♣.......g.......♣♣
♣♣♣.....@.....♣♣♣
♣♣♣♣.[.....♣♣
♣♣.∩.♣♣♣♣ ♣♣.♣♣ ♣.♣
♣∩♣ ###


You could see a gnoll sergeant.

Vanquished Creatures
  A centaur skeleton (D:7)
  Psyche (D:8)
  Prince Ribbit (D:5)
  A hippogriff (D:9)
  A human (D:8)
  4 hogs (D:8)
  A hungry ghost (D:4)
  An orc warrior (D:8)
  An ice beast (D:7)
  2 necrophages
  3 ogres
  5 centaurs
  A crocodile (D:8)
  3 bullfrogs
  A gnoll sergeant (Bailey)
  A scorpion (D:4)
  7 wights
  6 howler monkeys
  4 crimson imps
  A gnoll shaman (Bailey)
  2 bullfrog skeletons
  6 hounds
  A jelly (D:8)
  7 orc priests
  4 orc wizards
  An iguana (D:5)
  9 worker ants
  2 hound zombies
  A worker ant zombie (D:5)
  18 gnolls
  9 adders
  2 howler monkey skeletons
  2 shadow imps
  An adder skeleton (D:4)
  An adder zombie (D:5)
  2 worms (D:3)
  2 dart slugs (D:1)
  5 leopard geckos
  29 orcs
  2 ball pythons
  4 giant cockroaches
  2 goblins
  6 hobgoblins
  12 jackals
  12 kobolds
  5 quokkas
  4 bats
  6 frilled lizards
  13 rats
  A spectral orc (D:2)
  2 fungi (D:2)
219 creatures vanquished.

Vanquished Creatures (others)
  4 fungi (D:6)
4 creatures vanquished.

Grand Total: 223 creatures vanquished

Notes
Turn   | Place    | Note
-------+----------+-------------------------------------------
     0 | D:1      | Kholdaimon the Minotaur Fighter began the quest for the Orb.
     0 | D:1      | Reached XP level 1. HP: 19/19 MP: 0/0
    87 | D:1      | Reached XP level 2. HP: 20/27 MP: 1/1
   367 | D:1      | Reached skill level 4 in Shields
   383 | D:1      | Reached XP level 3. HP: 22/33 MP: 2/2
   564 | D:2      | Found a blossoming altar of Fedhas.
  1083 | D:2      | Found a basalt altar of Yredelemnul.
  1421 | D:3      | Reached XP level 4. HP: 40/41 MP: 3/3
  2047 | D:3      | Reached XP level 5. HP: 42/47 MP: 4/4
  2271 | D:3      | Reached skill level 5 in Shields
  2274 | D:3      | Reached skill level 5 in Fighting
  2349 | D:3      | Found a deep blue altar of Sif Muna.
  2649 | D:4      | Reached skill level 5 in Armour
  2649 | D:4      | Reached XP level 6. HP: 39/56 MP: 5/5
  3017 | D:4      | Noticed a hungry ghost
  3025 | D:4      | Killed a hungry ghost
  3025 | D:4      | Reached skill level 5 in Axes
  3025 | D:4      | Reached XP level 7. HP: 62/62 MP: 6/6
  3072 | D:4      | Reached skill level 6 in Shields
  3150 | D:4      | Found an iron altar of Okawaru.
  3155 | D:4      | Became a worshipper of Warmaster Okawaru
  3213 | D:4      | Found a shadowy altar of Dithmenos.
  3215 | D:4      | Found a blossoming altar of Fedhas.
  3218 | D:4      | Found a shattered altar of Ashenzari.
  3477 | D:5      | Entered Level 5 of the Dungeon
  3626 | D:5      | Found a hide-covered altar of Uskayaw.
  3763 | D:5      | Reached XP level 8. HP: 71/71 MP: 7/7
  4051 | D:5      | Found the +2 cloak of the Thief {+Fog Slay-2 SInv Stlth+}
  4204 | D:5      | Noticed Prince Ribbit
  4345 | D:5      | Found a white marble altar of Elyvilon.
  4393 | D:5      | Reached skill level 7 in Shields
  4393 | D:5      | Reached skill level 1 in Invocations
  4487 | D:5      | Killed Prince Ribbit
  4487 | D:5      | Reached * piety under Okawaru
  5418 | D:7      | Reached skill level 8 in Shields
  5591 | D:7      | Reached ** piety under Okawaru
  5591 | D:7      | Reached XP level 9. HP: 72/78 MP: 8/10
  5726 | D:7      | Reached skill level 9 in Shields
  5738 | D:7      | Got a distressingly furry scale mail
  5743 | D:7      | Found a staircase to the Ecumenical Temple.
  5756 | D:7      | Identified the +1 scale mail of Dishonour {+Blink rN++ Dex-5 Stlth+} (You took it off a wight on level 7 of the Dungeon)
  5915 | D:7      | Found a glowing golden altar of the Shining One.
  5915 | D:7      | Found a burning altar of Makhleb.
  5950 | D:7      | Reached *** piety under Okawaru
  6346 | D:7      | Found a stormy altar of Qazlal.
  6492 | D:8      | Got an ivory short sword
  6498 | D:8      | Got a faintly glowing dagger
  6522 | D:8      | Identified the +5 short sword "Murmur" {drain, Str+4 Stlth+} (You found it on level 8 of the Dungeon)
  6525 | D:8      | Identified the +1 dagger of Vaipp {vamp, Dex+3} (You found it on level 8 of the Dungeon)
  6670 | D:8      | Noticed Psyche
  6679 | D:8      | Killed Psyche
  6771 | D:8      | Reached XP level 10. HP: 87/87 MP: 12/12
  6882 | D:8      | Reached **** piety under Okawaru
  6887 | D:8      | Reached skill level 10 in Shields
  7152 | D:9      | Found a flagged portal.
  7164 | D:9      | Got a warped halberd
  7170 | Bailey   | Entered a bailey
  7247 | Bailey   | Identified the +9 halberd "Xom's Malicious Joy" {chop, *Drain rElec rN+} (You found it on level 9 of the Dungeon)
  7362 | Bailey   | HP: 5/133 [gnoll sergeant/halberd (6)]
  7383 | Bailey   | HP: 1/89 [gnoll sergeant/halberd (5)]
  7385 | Bailey   | Slain by a gnoll sergeant

Vault maps used:
D:1:      dpeg_arrival_arbitrary_a
D:2:      yredelemnul_forgotten_temple_becter, fedhas_altar_3
D:3:      lemuel_blue_sif_altar, first_ration, minmay_door_square,
          minmay_distorted
D:4:      minitemple, serial_glass, glass_columns_b, glass_columns_a,
          okawaru_ov_weapons_minmay
D:5:      eat_drink_and_be_merry_uskayaw, basic_altar, uniq_prince_ribbit1
D:6:      serial_aquarium, aquarium_bridge_island_small,
          aquarium_window_corridor_1, aquarium_window_fake, aquarium_window_1,
          aquarium_window_1, aquarium_view_4, aquarium_view_2b,
          aquarium_balcony_3b
D:7:      nicolae_qazlal_eye_of_the_storm,
          chequers_temple_overflow_statue_of_worship,
          minmay_temple_entry_statues_pillars
D:8:      grunt_livestock, uniq_psyche
D:9:      enter_bailey_2, basic_altar
Bailey:   bailey_polearm_gnolls_kennysheep, bailey

Skill      XL: |  1  2  3  4  5  6  7  8  9 10 |
---------------+-------------------------------+-----
Armour         | 4 5 6 7 8 |  8.5
Fighting       | 4 5 6 7 8 |  8.6
Shields        | 4 5 6 8 9 10 | 10.3
Axes           | 3 4 5 6 7 9 |  9.9
Invocations    | 2 4 |  4.5

Action                   |  1- 3 |  4- 6 |  7- 9 | 10-12 || total
-------------------------+-------+-------+-------+-------++-------
Melee: War axe           |   103 |   150 |   357 |   105 ||   715
       Headbutt          |    15 |    27 |    61 |    25 ||   128
Throw: Stone             |       |       |    10 |       ||    10
       Tomahawk          |       |       |     2 |    10 ||    12
       Throwing net      |       |       |     2 |       ||     2
Evoke: Wand              |       |       |     2 |       ||     2
  Use: Scroll            |       |     9 |     6 |     2 ||    17
       Potion            |       |       |       |     2 ||     2
 Stab: Paralysed         |       |       |     3 |       ||     3
  Eat: Chunk             |     2 |     5 |    13 |       ||    20
       Ration            |       |       |     2 |       ||     2
Armor: Scale mail        |    38 |    38 |    44 |       ||   120
       Plate armour      |       |       |    87 |    47 ||   134
       Skin              |       |       |       |    37 ||    37
Dodge: Dodged            |    36 |    49 |    70 |    33 ||   188
Block: Shield            |    57 |    75 |   194 |   124 ||   450

Table legend:
 A = Spawn XP
 B = Non-spawn XP
 C = Spawn XP percentage of total XP
 D = Spawn monster count
 E = Non-spawn monster count
 F = Spawn count percentage of total count
 G = Total turns spent on level
                    A         B        C        D         E        F      G
               +---------+---------+-------+---------+---------+-------+---------
         Total |       0 |    7307 |   0.0 |       0 |     217 |   0.0 |  7385
               +---------+---------+-------+---------+---------+-------+---------
           D:1 |       0 |      41 |   0.0 |       0 |      21 |   0.0 |   509
           D:2 |       0 |      48 |   0.0 |       0 |      24 |   0.0 |   861
           D:3 |       0 |     231 |   0.0 |       0 |      42 |   0.0 |  1273
           D:4 |       0 |     949 |   0.0 |       0 |      24 |   0.0 |   838
           D:5 |       0 |     651 |   0.0 |       0 |      20 |   0.0 |  1135
           D:6 |       0 |     406 |   0.0 |       0 |      11 |   0.0 |   765
           D:7 |       0 |    2152 |   0.0 |       0 |      34 |   0.0 |  1030
           D:8 |       0 |    2127 |   0.0 |       0 |      21 |   0.0 |   677
           D:9 |       0 |     413 |   0.0 |       0 |      11 |   0.0 |    82
        Bailey |       0 |     289 |   0.0 |       0 |       9 |   0.0 |   215
               +---------+---------+-------+---------+---------+-------+---------
